 Dungeon Crawl Stone Soup version 0.30-a0-778-g2ef04afb54 (webtiles) character file.

Game seed: 10575445060430898367

2240 HoaS the Skirmisher (level 9, -4/48 HPs)
             Began as a Gargoyle Hunter on Feb 16, 2023.
             Was a Priest of Okawaru.
             Killed from afar by a steam dragon (16 damage)
             ... with a ball of steam
             ... on level 7 of the Dungeon.
             The game lasted 00:09:45 (5523 turns).

HoaS the Skirmisher (Gargoyle Hunter)               Turns: 5523, Time: 00:09:45

Health: -4/48      AC:  9    Str: 16    XL:     9   Next: 36%
Magic:  11/11      EV: 12    Int:  9    God:    Okawaru [***...]
Gold:   1543       SH:  0    Dex: 29    Spells: 8/8 levels left

rFire   . . .      SeeInvis .    a - +0 shortbow (flame)
rCold   . . .      Faith    .    (shield currently unavailable)
rNeg    + . .      Spirit   .    c - +0 leather armour
rPois   ∞          Reflect  .    (no helmet)
rElec   +          Harm     .    (no cloak)
rCorr   .          Rampage  .    (no gloves)
Will    .....                    (no boots)
Stlth   ++                       (no amulet)
HPRegen 0.28/turn                i - +6 ring of dexterity
MPRegen 0.12/turn                g - +6 ring of dexterity

@: no status effects
A: sickness immunity, AC +6, negative energy resistance 1, electricity
resistance, torment resistance 1, petrification resistance
a: Renounce Religion, Heroism


You were on level 7 of the Dungeon.
You worshipped Okawaru.
Okawaru was most pleased with you.
You visited 2 branches of the dungeon, and saw 8 of its levels.

You collected 1543 gold pieces.

Inventory:

Hand Weapons
 a - a +0 shortbow of flaming (weapon)
Armour
 c - a +0 leather armour (worn)
Jewellery
 g - a +6 ring of dexterity (right hand)
 i - a +6 ring of dexterity (left hand)
 n - a ring of positive energy
Scrolls
 b - 2 scrolls of immolation
 l - 2 scrolls of teleportation
Potions
 d - 3 potions of curing
 e - 3 potions of lignification
 f - a potion of magic {unknown}
 j - 2 potions of invisibility
 k - a potion of haste {unknown}
 m - 2 potions of degeneration {unknown}
 p - 2 potions of attraction {unknown}


   Skills:
 - Level 2.1 Fighting
 * Level 12.4 Ranged Weapons
 - Level 1.5 Dodging
 - Level 1.1 Stealth
 - Level 3.0 Invocations


You had 8 spell levels left.
You didn't know any spells.
Your spell library contained the following spells:

 Spells                   Type           Power      Damage    Failure   Level
 Beastly Appendage        Tmut           0%         N/A       45%         1
 Magic Dart               Conj           0%         1d3       45%         1
 Searing Ray              Conj           0%         2d4       58%         2
 Wereblood                Tmut           0%         N/A       58%         2
 Hailstorm                Conj/Ice       0%         3d3       83%         3
 Spider Form              Tmut/Pois      0%         N/A       83%         3
 Fulminant Prism          Conj/Hex       0%         3d5       99%         4
 Ice Form                 Ice/Tmut       0%         N/A       99%         4
 Simulacrum               Ice/Necr       Unusable   N/A       N/A         6

Dungeon Overview and Level Annotations

Branches:
Dungeon (7/15)             Temple (1/1) D:4

Altars:
Ashenzari
Cheibriados
Dithmenos
Elyvilon
Fedhas
Gozag
Kikubaaqudgha
Makhleb
Okawaru
Qazlal
Ru
Sif Muna
Trog
Uskayaw
Vehumet
Wu Jian
Xom
Yredelemnul
Zin
The Shining One

Shops:
D:6 :[

Annotations:
D:4 3 runed translucent doors, LowRida's ghost, amateur TrFi


Innate Abilities, Weirdness & Mutations

You are immune to sickness and miasma.
Your stone body is resilient. (AC +6)
You are immune to poison.
You resist negative energy. (rN+)
You are resistant to electric shocks. (rElec)
You are resistant to unholy torment.
You are immune to petrification.


Message History

The arrow closely misses the steam dragon.
You are engulfed in a cloud of scalding steam.
You shoot an arrow.
The arrow hits the steam dragon but does no damage.
The steam dragon is severely wounded.
You are engulfed in a cloud of scalding steam.
The steam dragon bites you. The steam dragon barely misses you.
You shoot an arrow. The arrow hits the steam dragon.
The arrow burns the steam dragon.
The steam dragon is severely wounded.
The steam dragon bites you but does no damage.
The steam dragon barely misses you.
You shoot an arrow.
The arrow hits the steam dragon but does no damage.
The steam dragon is severely wounded.
The steam dragon barely misses you. x2
You shoot an arrow.
The arrow hits the steam dragon but does no damage.
The steam dragon is severely wounded.
The steam dragon bites you but does no damage.
The steam dragon barely misses you.
You shoot an arrow.
The arrow hits the steam dragon but does no damage.
The steam dragon is severely wounded.
The steam dragon barely misses you. The steam dragon claws you.
You shoot an arrow.
The arrow closely misses the steam dragon.
The steam dragon bites you.
* * * LOW HITPOINT WARNING * * *
The steam dragon closely misses you.
You shoot an arrow.
The arrow hits the steam dragon but does no damage.
The steam dragon is severely wounded.
The steam dragon barely misses you.
The steam dragon claws you but does no damage.
You shoot an arrow.
The arrow closely misses the steam dragon.
The steam dragon breathes steam at you. The ball of steam hits you!
You die...

#.....###....#
.......##..####### ###
.................#####....
.........#...≈.≈...#...≈..
...........≈.....≈...≈....
.........≈†...≈....≈§§§.≈.
.......≈...≈.....§..§≈§...
.............≈.≈....§§§≈.≈
........≈.≈.....@D≈.≈.....
.....<......§...≈...$.§)..
.........≈....≈....≈....≈.
............≈...≈.....≈...
#.......≈.≈.......§.≈.....
.....#.......§.≈.......≈.≈
....##.≈...≈.§§§.≈...≈....
###. ...≈...§≈§...≈....≈.
#. .≈..§≈.....≈...≈....


You could see a steam dragon (catching breath).

Vanquished Creatures
  3 yaks (D:5)
  A water moccasin (D:6)
  A black bear (D:5)
  3 ice beasts
  An ogre (D:6)
  2 phantoms (D:4)
  A bullfrog (D:7)
  2 scorpions (D:5)
  A necrophage (D:4)
  3 killer bees (D:5)
  A lava snake (D:7)
  2 hounds
  A gnoll bouda (D:5)
  An orc priest (D:3)
  A jelly (D:4)
  Natasha (thrice) (D:4)
  6 iguanas
  2 orc wizards
  4 gnolls (D:5)
  8 adders
  A white imp (D:5)
  2 ufetubi
  2 worms
  2 dart slugs (D:3)
  17 orcs
  4 ball pythons
  11 endoplasms
  6 giant cockroaches
  7 goblins
  11 hobgoblins
  11 jackals
  5 kobolds
  A quokka (D:5)
  6 bats
  6 frilled lizards
  7 rats
  2 butterflies (D:4)
148 creatures vanquished.

Notes
Turn   | Place    | Note
-------+----------+-------------------------------------------
     0 | D:1      | HoaS the Gargoyle Hunter began the quest for the Orb.
     0 | D:1      | Reached XP level 1. HP: 12/12 MP: 1/1
    62 | D:1      | Reached XP level 2. HP: 17/17 MP: 2/2
   336 | D:1      | You fall into a shaft and drop 1 floor!
   432 | D:2      | Reached XP level 3. HP: 21/21 MP: 3/3
   463 | D:2      | Reached skill level 5 in Ranged Weapons
   463 | D:2      | Identified a scroll of acquirement
   463 | D:2      | Acquired 1160 gold pieces
   741 | D:2      | Identified the +3 leather armour "Ruiph" {Str+7 Dex+2
                  | Slay-4 SInv}
   843 | D:2      | Reached XP level 4. HP: 26/26 MP: 4/4
  1211 | D:3      | Reached skill level 6 in Ranged Weapons
  1329 | D:3      | Reached XP level 5. HP: 30/30 MP: 5/5
  1755 | D:3      | Found an iron altar of Okawaru.
  1786 | D:3      | Became a worshipper of Warmaster Okawaru
  1859 | D:4      | Noticed Natasha
  1863 | D:4      | Killed Natasha
  1868 | D:4      | Reached skill level 7 in Ranged Weapons
  1868 | D:4      | Reached skill level 1 in Invocations
  1868 | D:4      | Reached XP level 6. HP: 35/35 MP: 5/7
  1869 | D:4      | Found a staircase to the Ecumenical Temple.
  1872 | D:4      | Noticed Natasha
  1885 | D:4      | Killed Natasha
  1963 | Temple   | Entered the Ecumenical Temple
  2142 | D:4      | Reached * piety under Okawaru
  2361 | D:4      | Found a runed translucent gate.
  2361 | D:4      | Found a runed translucent gate.
  2361 | D:4      | Found a runed translucent gate.
  2505 | D:4      | Reached XP level 7. HP: 40/40 MP: 8/8
  2522 | D:4      | Reached skill level 8 in Ranged Weapons
  2589 | D:4      | Noticed Natasha
  2598 | D:4      | Killed Natasha
  2603 | D:4      | Found an ornate altar of the Wu Jian Council.
  2752 | D:4      | Noticed LowRida's ghost (amateur TrFi)
  3060 | D:5      | Entered Level 5 of the Dungeon
  3139 | D:5      | Reached ** piety under Okawaru
  3217 | D:5      | Reached skill level 9 in Ranged Weapons
  3217 | D:5      | Reached XP level 8. HP: 41/44 MP: 10/10
  3312 | D:5      | Noticed a yak
  3327 | D:5      | Noticed a yak
  3330 | D:5      | Noticed a yak
  3331 | D:5      | Killed a yak
  3364 | D:5      | Killed a yak
  3365 | D:5      | Reached skill level 10 in Ranged Weapons
  3486 | D:5      | Killed a yak
  3786 | D:5      | Reached skill level 11 in Ranged Weapons
  3820 | D:5      | Found a sacrificial altar of Ru.
  4165 | D:5      | Reached *** piety under Okawaru
  4310 | D:5      | Reached XP level 9. HP: 29/48 MP: 11/11
  4657 | D:6      | Found an opulent altar of Gozag.
  4692 | D:6      | Found Raipn's Armour Shoppe.
  5109 | D:6      | Found Ceetip's Book Boutique.
  5203 | D:6      | Reached skill level 12 in Ranged Weapons
  5523 | D:7      | Killed from afar by a steam dragon

Illustrated notes

Levels and vault maps discovered:
D:1:      dpeg_arrival_central, layout_basic
D:2:      layout_basic
D:3:      layout_rooms, mainiacjoe_overflow_catwalk, minmay_starry_boxes
D:4:      layout_cave_pods, lemuel_crystal_altar,
          minmay_temple_entry_butterflies, gammafunk_ghost_icy,
          minmay_diced_spiral, uniq_natasha
D:5:      layout_basic, nicolae_ru_great_annihilating_truth
D:6:      layout_cave_pods, mainiacjoe_overflow_surrounded_room, serial_shops,
          shop, shop_fountains
D:7:      minmay_spotlight, layout_cave_pods, fountainhead,
          nicolae_kite_square_tiling_tiny
Temple:   kb_temple_of_zot

Skill      XL: |  1  2  3  4  5  6  7  8  9 |
---------------+----------------------------+-----
Ranged Weapons | 5 6 7 9 11 12 | 12.4
Invocations    | 1 2 3 |  3.0
Fighting       | |  2.1
Dodging        | |  1.5
Stealth        | |  1.1

Action                     |  1- 3 |  4- 6 |  7- 9 || total
---------------------------+-------+-------+-------++-------
   Fire: Shortbow          |    88 |   185 |   250 ||   523
    Use: Scroll            |     4 |     3 |     5 ||    12
         Potion            |       |       |     2 ||     2
 Armour: Leather armour    |     9 |    26 |    47 ||    82
  Dodge: Dodged            |    21 |    39 |    92 ||   152

Table legend: (Time is in decaauts)
 A = Elapsed time spent in this place.
 B = Non-inter-level travel time spent in this place.
 C = Inter-level travel time spent in this place.
 D = Time resting spent in this place.
 E = Time spent auto-exploring this place.
 F = Levels seen in this place.
 G = Mean time per level.
                   A        B        C        D        E       F      G
               +--------+--------+--------+--------+--------+-----+--------+
         Total |   5599 |   5360 |    239 |    784 |   3613 |   8 |  699.9 |
       Dungeon |   5472 |   5249 |    223 |    784 |   3521 |   7 |  781.7 |
        Temple |    127 |    111 |     16 |      0 |     92 |   1 |  127.0 |
               +--------+--------+--------+--------+--------+-----+--------+

Top non-repeatable levels by time:
     D:5: 1489 daAuts
     D:4: 1225 daAuts
     D:6: 820 daAuts
     D:3: 642 daAuts
     D:2: 628 daAuts
     D:1: 573 daAuts
  Temple: 127 daAuts
     D:7: 92 daAuts
